 Dungeon Crawl Stone Soup version 0.31-a0-237-g2d982f9f85 (webtiles) character file.

Game seed: 1531838238045247711

15 qw the Shooter (level 2, -5/16 HPs)
             Began as a Gargoyle Hexslinger on July 10, 2023.
             Slain by a gnoll
             ... wielding a +0 spear
              (6 damage)
             ... on level 1 of the Dungeon.
             The game lasted 00:00:10 (247 turns).

qw the Shooter (Gargoyle Hexslinger)                 Turns: 247, Time: 00:00:11

Health: -5/16      AC:  4    Str: 11    XL:     2   Next: 50%
Magic:  3/3        EV: 12    Int: 13    God:
Gold:   50         SH:  0    Dex: 12    Spells: 2/3 levels left

rFire   . . .        a - +1 sling
rCold   . . .        (no shield)
rNeg    + . .        c - +0 robe
rPois   inf          (no helmet)
rElec   +            (no cloak)
rCorr   .            (no gloves)
SInv    .            (no boots)
Will    .....        d - amulet of faith
Stlth   +            (no ring)
HPRegen 0.22/turn    (no ring)
MPRegen 0.08/turn

%: faith
@: no status effects
A: sickness immunity, AC +2, negative energy resistance 1, electricity
resistance, torment resistance 1, petrification resistance
a: no special abilities


You were on level 1 of the Dungeon.
You visited 1 branch of the dungeon, and saw 1 of its levels.

You collected 50 gold pieces.


Innate Abilities, Weirdness & Mutations

You are immune to sickness and miasma.
Your stone body is resilient. (AC +2)
You are immune to poison.
You resist negative energy. (rN+)
You are resistant to electric shocks. (rElec)
You are resistant to unholy torment.
You are immune to petrification.


   Skills:
 + Level 1.2 Fighting
 - Level 3.0 Ranged Weapons
 - Level 1.5 Dodging
 - Level 1.0 Spellcasting
 - Level 2.6 Hexes


You had 2 spell levels left.
You knew the following spells:

 Your Spells              Type           Power      Damage    Failure   Level
a - Slow                  Hex            28%        N/A       10%         1

Your spell library contained the following spells:

 Spells                   Type           Power      Damage    Failure   Level
 Inner Flame              Hex/Fire       4%         N/A       43%         3
 Portal Projectile        Hex/Tloc       8%         N/A       43%         3
 Cause Fear               Hex            3%         N/A       67%         4

Inventory:

Hand Weapons
 a - a +1 sling (weapon)
Armour
 c - a +0 robe (worn)
Jewellery
 d - an amulet of faith (around neck)
 e - a ring of see invisible
Scrolls
 b - a scroll of poison

Dungeon Overview and Level Annotations

Branches:
Dungeon (1/15)

Altars:

Shops:
D:1 :?

Annotations:
D:1 exclusion: gnoll


Message History

The sling bullet closely misses the gnoll.
The gnoll closely misses you.
You shoot a sling bullet. The sling bullet hits the gnoll.
The gnoll is heavily wounded.
The gnoll closely misses you.
You shoot a sling bullet. The sling bullet hits the gnoll.
The gnoll is severely wounded.
The gnoll barely misses you.
You shoot a sling bullet. The sling bullet hits the gnoll.
The gnoll is almost dead.
The gnoll barely misses you.
The gnoll hits you from afar with a +0 spear.
You shoot a sling bullet.
The sling bullet barely misses the gnoll.
The gnoll barely misses you.
You shoot a sling bullet.
The sling bullet closely misses the gnoll.
The gnoll hits you from afar with a +0 spear.
Enter note:
242 ||| UPGRADING to amulet of faith.
You start putting on your amulet.
You continue putting on your amulet of faith.
The gnoll barely misses you.
You continue putting on your amulet of faith.
The gnoll hits you from afar with a +0 spear.
Keep equipping yourself?
You continue putting on your amulet of faith.
The gnoll barely misses you.
You continue putting on your amulet of faith.
The gnoll hits you from afar with a +0 spear.
You continue putting on your amulet of faith.
The gnoll barely misses you.
You finish putting on your amulet of faith.
You feel a strange surge of divine interest.
d - an amulet of faith (around neck)
Enter note:
Enter note: You open the door.
The gnoll hits you from afar with a +0 spear.
You die...

~~.# .# ~..#
+#.# .~.#
#.~~# .\..
~.#
##########~.#
#.........#'#
#.########@.#
#.# #..g.....
#.# #.###....
#.# #.# ...
#(# #.. #
#######.# ###
........#
.######## .#


You could see a gnoll.

Vanquished Creatures
  A dart slug (D:1)
  A ball python (D:1)
  2 bats (D:1)
  A goblin (D:1)
  A hobgoblin (D:1)
  2 kobolds (D:1)
  A quokka (D:1)
  2 frilled lizards (D:1)
11 creatures vanquished.

Notes
Turn   | Place    | Note
-------+----------+-------------------------------------------
     0 | D:1      | qw the Gargoyle Hexslinger began the quest for the Orb.
     0 | D:1      | Reached XP level 1. HP: 12/12 MP: 2/2
     0 | D:1      | 0 ||| qw: Version: 0.3-a-52-g30416fa
     0 | D:1      | 0 ||| qw: Game counter: 5372
     0 | D:1      | 0 ||| qw: Melee chars always use a shield: true
     0 | D:1      | 0 ||| qw: God list: Okawaru
     0 | D:1      | 0 ||| qw: Allow faded altars: false
     0 | D:1      | 0 ||| qw: Do Orc after clearing Dungeon:15 true
     0 | D:1      | 0 ||| qw: Do second Lair branch before Depths: true
     0 | D:1      | 0 ||| qw: Lair rune preference: random
     0 | D:1      | 0 ||| qw: Goals: Normal
     0 | D:1      | 0 ||| PLANNING D:1-11
    49 | D:1      | Found a faded altar of an unknown god.
    83 | D:1      | 83 ||| FLEEEEING.
   171 | D:1      | Reached XP level 2. HP: 16/16 MP: 3/3
   175 | D:1      | Found Hapsaips's Book Emporium.
   184 | D:1      | Reached skill level 3 in Ranged Weapons
   226 | D:1      | Found Mynen's Magic Scroll Shoppe.
   242 | D:1      | 242 ||| UPGRADING to amulet of faith.
   243 | D:1      | HP: 2/16 [gnoll/+0 spear (5)]
   247 | D:1      | Slain by a gnoll

Levels and vault maps discovered:
D:1:      dpeg_arrival_concentric_ovals, layout_loops_ring, serial_shops, shop,
          nicolae_shop_hallway_plus, shop, nicolae_shop_back_alley_shop, shop,
          chequers_ecumenical_altar_island, minmay_tromino_i2

Skill      XL: |  1  2 |
---------------+-------+-----
Ranged Weapons | 3 |  3.0
Fighting       | |  1.2
Dodging        | |  1.5
Spellcasting   | |  1.0
Hexes          | |  2.6

Action                     || total
---------------------------++-------
   Fire: Sling             ||    48
 Armour: Robe              ||    17
  Dodge: Dodged            ||    30

Table legend:
 A = Non-vault XP
 B = Vault XP
 C = Vault XP percentage of total XP
 D = Non-vault monster count
 E = Vault monster count
 F = Vault count percentage of total count
                 A         B        C        D         E       F
            +---------+---------+-------+---------+---------+-------
      Total |      20 |       2 |   9.1 |      10 |       1 |   9.1
            +---------+---------+-------+---------+---------+-------
        D:1 |      20 |       2 |   9.1 |      10 |       1 |   9.1
            +---------+---------+-------+---------+---------+-------
